Map: Blueshift LE

Players

Daito - Winner!

  • Race: Zerg Zerg
  • League: Silver
  • Spawn Location: 1:00

EviLToSsBG

  • Race: Protoss Protoss
  • League: Gold
  • Spawn Location: 7:00

VOD

Have the link to the VOD?

Description

Neuro its StormzBG <3 I am protoss playing as EviLToSsBG { PvZ }
ps. DONT WORRY! ITS ONLY A FEW MINUTES GAME! [11] perfect for a meme cast :)

Time

  • Played on: Sept. 21, 2018, 12:32 p.m.
  • Length: 11:11
Show
View Real Time Build Order
Export as new Build Order

Daito Zerg - Winner!

Build Orders: Pool First 

Get SALT Encoding   

  12  0:05  Drone  
  13  0:13  Overlord  
  13  0:17  Drone  
  14  0:37  Spawning Pool, Drone  
  14  0:45  Drone x2  
  16  0:55  Drone  
  17  1:03  Drone  
  18  1:26  Zergling x4  
  20  2:03  Zergling x4  
  22  2:17  Hatchery  
  21  2:25  Zergling x2  
  22  2:42  Zergling x2  
  21  2:49  Queen  
  22  2:54  Zergling x2  
  21  2:59  Zergling x2  
  22  3:10  Zergling x2  
  21  3:30  Zergling x8  
  24  3:44  Zergling x4  
  25  3:58  Zergling x4  
  27  4:03  Zergling x2  
  27  4:10  Extractor  
  27  4:11  Zergling x2  
  27  4:13  Extractor  
  20  5:07  Zergling x2, Overlord x2  
  18  5:21  Zergling x2  
  19  5:34  Zergling x2  
  19  5:35  Zergling x6  
  23  5:52  Lair  
  23  5:58  Zergling x4  
  23  6:02  Zergling x2  
  23  6:03  Zergling x4  
  28  6:05  Metabolic Boost  
  28  6:12  Zergling x2  
  29  6:28  Baneling Nest  
  28  6:38  Zergling x4  
  28  6:39  Zergling x4  
  32  6:51  Spire  
  31  7:09  Infestation Pit  
  26  7:32  Baneling x2  
  26  7:33  Baneling x2  
  26  7:38  Zergling x4, Drone x3  
  26  7:39  Drone x2  
  33  8:03  Baneling x4  
  32  8:34  Baneling x4  
  32  8:35  Baneling x3  
  32  8:52  Overseer  
  32  9:08  Corruptor x2  
  24  9:25  Zergling x8  
  24  9:26  Zergling x10  
  33  9:44  Hive  
  23  10:22  Zergling x4  
Show
View Real Time Build Order
Export as new Build Order

EviLToSsBG Protoss 

Build Orders:  

Get SALT Encoding   

  12  0:00  Probe  
  13  0:14  Pylon  
  13  0:18  Probe  
  14  0:32  Forge  
  14  0:41  Probe  
  15  0:56  Pylon  
  15  0:59  Probe  
  16  1:11  Probe  
  16  1:15  Photon Cannon  
  17  1:21  Photon Cannon  
  17  1:33  Pylon, Probe  
  17  1:39  Pylon  
  18  1:45  Probe  
  19  1:51  Pylon  
  18  1:58  Probe  
  19  2:10  Photon Cannon  
  19  2:17  Probe  
  19  2:19  Photon Cannon  
  19  2:32  Photon Cannon  
  19  2:36  Probe  
  20  3:01  Probe  
  20  3:03  Pylon  
  20  3:05  Photon Cannon  
  21  3:06  Photon Cannon  
  21  3:07  Pylon  
  21  3:22  Pylon  
  20  3:38  Probe  
  21  3:43  Gateway  
  21  3:55  Pylon  
  21  4:05  Gateway  
  21  4:08  Photon Cannon  
  21  4:13  Pylon  
  21  4:27  Zealot  
  21  4:32  Photon Cannon  
  23  4:41  Photon Cannon  
  23  4:46  Photon Cannon  
  23  4:50  Zealot  
  25  5:03  Gateway  
  25  5:12  Photon Cannon  
  25  5:22  Photon Cannon  
  25  5:25  Zealot, Pylon  
  27  5:42  Cybernetics Core  
  27  5:43  Zealot  
  27  5:52  Zealot  
  31  6:02  Assimilator  
  31  6:05  Assimilator  
  31  6:07  Zealot  
  33  6:12  Zealot  
  33  6:13  Zealot  
  37  6:43  Probe  
  38  6:49  Zealot  
  38  6:58  Nexus  
  40  7:10  Robotics Facility  
  40  7:38  Adept, Probe  
  41  7:46  Adept  
  45  8:04  Twilight Council  
  45  8:12  Robotics Bay  
  45  8:26  Stalker  
  45  8:36  Probe  
  45  8:37  Assimilator  
  45  8:38  Assimilator  
  45  8:40  Probe  
  47  8:44  Probe  
  47  8:45  Pylon  
  47  8:52  Probe  
  49  9:00  Disruptor  
  49  9:06  Probe  
  49  9:07  Probe  
  54  9:18  Probe  
  54  9:19  Charge, Probe  
  38  9:28  Stalker  
  40  9:34  Probe  
  41  10:05  Disruptor  
  44  10:23  Probe x2  
  46  10:35  Probe x2  
  54  10:47  Probe  
Tags
 
Matchup
PvZ
Opening
Pool First
Spawn Locations
Cross Positions
Add a new tag
Caveats
  • Supply blocks, unpowered buildings, or Contaminate may cause inaccurate times.
  • Supply counts are checked every 10 seconds.